 Dungeon Crawl Stone Soup version 0.30.0-10-gfe55d96785 (webtiles) character file.

Game seed: 14855248552897694497

119 qw the Chopper (level 5, -4/32 HPs)
             Began as a Gargoyle Fighter on May 14, 2023.
             Killed by divine providence
             ... invoked by an orc priest
              (11 damage)
             ... on level 4 of the Dungeon.
             The game lasted 00:01:12 (2861 turns).

qw the Chopper (Gargoyle Fighter)                   Turns: 2861, Time: 00:01:13

Health: -4/32      AC: 12    Str: 19 (22) XL:     5   Next: 3%
Magic:  5/5        EV:  9    Int:  6 (8)  God:
Gold:   105        SH:  4    Dex:  9      Spells: 4/4 levels left

rFire   . . .        Y - +0 war axe
rCold   . . .        c - +0 buckler
rNeg    + . .        b - +0 scale mail
rPois   inf          g - +0 helmet
rElec   +            (no cloak)
rCorr   .            (no gloves)
SInv    +            (no boots)
Will    .....        (no amulet) Stlth
                     m - ring of see invisible
HPRegen 0.25/turn    (no ring)
MPRegen 0.09/turn

%: no passive effects
@: about to teleport
A: sickness immunity, AC +4, negative energy resistance 1, electricity
resistance, torment resistance 1, petrification resistance
a: no special abilities


You were on level 4 of the Dungeon.
You visited 1 branch of the dungeon, and saw 4 of its levels.

You collected 157 gold pieces.
You spent 52 gold pieces at shops.


Innate Abilities, Weirdness & Mutations

You are immune to sickness and miasma.
Your stone body is resilient. (AC +4)
You are immune to poison.
You resist negative energy. (rN+)
You are resistant to electric shocks. (rElec)
You are resistant to unholy torment.
You are immune to petrification.


   Skills:
 - Level 3.2 Fighting
 + Level 4.6 Axes
 - Level 3.2 Armour
 - Level 3.2 Shields


You had 4 spell levels left.
You didn't know any spells.
Your spell library was empty.

Inventory:

Hand Weapons
 j - a +0 whip
 Y - a +0 war axe (weapon)
Armour
 b - a +0 scale mail (worn)
 c - a +0 buckler (worn)
 g - a +0 helmet (worn)
Jewellery
 m - a ring of see invisible (left hand)
Scrolls
 f - 3 scrolls of identify
 n - a scroll of poison {unknown}
Potions
 a - a potion of brilliance {unknown}
 d - a potion of might
 e - a potion of heal wounds
 h - 3 potions of curing
 i - a potion of resistance
 k - a potion of mutation {unknown}

Dungeon Overview and Level Annotations

Branches:
Dungeon (4/15)
 Temple: D:4-7

Altars:
Gozag

Shops:
D:1 :   D:2 (   D:3 *?


Message History

A kobold comes into view. It is wielding a +0 club.
You hit the orc priest but do no damage.
The orc priest is heavily wounded.
The orc priest hits you but does no damage.
You hit the orc priest but do no damage.
The orc priest is heavily wounded.
You block the orc priest's attack.
You barely miss the orc priest.
The orc priest is heavily wounded.
The orc priest closely misses you.
The orc priest casts a cantrip, but nothing happens.
You barely miss the orc priest.
The orc priest is heavily wounded.
The orc priest hits you but does no damage.
You hit the orc priest.
The orc priest is severely wounded.
The orc priest hits you but does no damage.
The orc priest miscasts a cantrip.
You closely miss the orc priest.
The orc priest is severely wounded.
The orc priest mumbles some strange prayers to Beogh against you.
Beogh smites you!
You barely miss the orc priest.
The orc priest is severely wounded.
The orc priest drinks a potion.
The orc priest is healed!
You slash the orc priest!
The orc priest is almost dead.
The orc priest closely misses you.
You completely miss the orc priest.
The orc priest is almost dead.
The orc priest invokes the aid of Beogh against you.
Beogh smites you!
The orc priest calls down the wrath of Beogh upon you.
You barely resist.
2861 ||| READING scroll of teleportation.
As you read the scroll of teleportation, it crumbles to dust.
You feel strangely unstable.
The orc priest invokes the aid of Beogh against you.
Beogh smites you!
You die...

########
##......#
#..####.## #.##
#..## . #.#
##..# .~.
##.####
##.########K..~.
#.....#
#.....)@owo.#
....~.##
#########o..#
..~~~..# ..#
..~~..~# #### .#
.......##~#.# #
##.......~~.##
##.......~....
#..........##~
#...........# ~


You could see an orc priest, a dart slug, 2 orcs and a kobold.

Vanquished Creatures
  2 adders
  3 worms
  4 dart slugs
  5 orcs
  7 bats
  9 endoplasms
  6 giant cockroaches
  5 goblins
  7 hobgoblins
  4 quokkas
  7 ball pythons
  2 frilled lizards (D:1)
  8 kobolds
  3 rats
72 creatures vanquished.

Notes
Turn   | Place    | Note
-------+----------+-------------------------------------------
     0 | D:1      | qw the Gargoyle Fighter began the quest for the Orb.
     0 | D:1      | Reached XP level 1. HP: 14/14 MP: 1/1
     0 | D:1      | 0 ||| qw: Version: 0.2-a-92-g8a84c4b
     0 | D:1      | 0 ||| qw: Game counter: 23
     0 | D:1      | 0 ||| qw: Always use a shield: true
     0 | D:1      | 0 ||| qw: God list: Okawaru
     0 | D:1      | 0 ||| qw: Allow faded altars: false
     0 | D:1      | 0 ||| qw: Do Orc after D:15 true
     0 | D:1      | 0 ||| qw: Do second Lair branch before Depths: true
     0 | D:1      | 0 ||| qw: Lair rune preference: random
     0 | D:1      | 0 ||| qw: Plans: Normal, Zot:1-4, God:TSO, Crypt, Tomb,
                  | Pan, Slime:5, Hells, Abyss, Win
     0 | D:1      | 0 ||| PLANNING D:1-11
   144 | D:1      | 144 ||| Stepping ~*~*~tactically~*~*~ (hiding).
   149 | D:1      | Reached skill level 2 in Axes
   202 | D:1      | Reached XP level 2. HP: 19/19 MP: 2/2
   513 | D:1      | 513 ||| Stepping ~*~*~tactically~*~*~ (hiding).
   514 | D:1      | 514 ||| Stepping ~*~*~tactically~*~*~ (hiding).
   628 | D:1      | Found Tomij's Book Shop.
   632 | D:1      | Reached skill level 3 in Axes
   740 | D:1      | Reached XP level 3. HP: 21/23 MP: 3/3
   901 | D:1      | 901 ||| UPGRADING to ring of see invisible.
   902 | D:1      | 902 ||| READING scroll labelled VAIC CUNIMUMIA.
   906 | D:1      | 906 ||| READING scroll labelled LUHIJY GOEXOICO.
  1008 | D:2      | Found Mullivanai's Antique Weapon Shop.
  1034 | D:2      | 1034 ||| SHOPLISTING runed mace (132 gold, have 29).
  1101 | D:2      | 1101 ||| Stepping ~*~*~tactically~*~*~ (hiding).
  1102 | D:2      | 1102 ||| Stepping ~*~*~tactically~*~*~ (hiding).
  1160 | D:2      | 1160 ||| Stepping ~*~*~tactically~*~*~ (stealth).
  1284 | D:2      | You fall into a shaft and drop 1 floor!
  1401 | D:3      | 1401 ||| Stepping ~*~*~tactically~*~*~ (hiding).
  1412 | D:3      | Reached XP level 4. HP: 28/28 MP: 4/4
  1476 | D:3      | Found Gozag's Platinum Reserve.
  1476 | D:3      | Found an opulent altar of Gozag.
  1529 | D:3      | Reached skill level 4 in Axes
  1541 | D:3      | Found Pairras's Magic Scroll Shoppe.
  1552 | D:3      | 1552 ||| SHOPLISTING scroll of brand weapon (123 gold, have
                  | 74).
  1552 | D:3      | 1552 ||| SHOPLISTING scroll of enchant weapon (97 gold,
                  | have 74).
  1552 | D:3      | 1552 ||| BUYING scroll of identify (26 gold).
  1552 | D:3      | Bought a scroll of identify for 26 gold pieces
  1552 | D:3      | 1552 ||| BUYING scroll of identify (26 gold).
  1552 | D:3      | Bought a scroll of identify for 26 gold pieces
  1552 | D:3      | 1552 ||| SHOPLISTING scroll of identify (26 gold, have 22).
  1584 | D:3      | 1584 ||| SHOPLISTING +1 hand axe of the Ring {venom, rPois
                  | rCorr Dex+3 Stlth+} (3450 gold, have 22).
  1584 | D:3      | 1584 ||| SHOPLISTING ring "Firufega" {rElec rPois rC- rCorr
                  | Str+2} (3680 gold, have 22).
  1819 | D:3      | 1819 ||| UPGRADING to +0 helmet.
  1824 | D:3      | 1824 ||| DROPPING scarf of harm.
  1825 | D:3      | 1825 ||| READING scroll labelled ETAOFI IMOIQEOGH.
  1826 | D:3      | 1826 ||| READING scroll labelled SIURROSIOD.
  1827 | D:3      | 1827 ||| DRINKING 2 cyan potions.
  1828 | D:3      | 1828 ||| DRINKING 2 green potions.
  1829 | D:3      | 1829 ||| READING 3 scrolls of identify.
  1829 | D:3      | 1829 ||| IDENTIFYING grey potion
  1830 | D:3      | 1830 ||| READING 2 scrolls of identify.
  1830 | D:3      | 1830 ||| IDENTIFYING emerald potion
  1831 | D:3      | 1831 ||| DROPPING potion of degeneration.
  2758 | D:4      | 2758 ||| Stepping ~*~*~tactically~*~*~ (stealth).
  2767 | D:4      | Reached XP level 5. HP: 30/32 MP: 5/5
  2841 | D:4      | 2841 ||| Stepping ~*~*~tactically~*~*~ (stealth).
  2842 | D:4      | 2842 ||| Stepping ~*~*~tactically~*~*~ (stealth).
  2860 | D:4      | HP: 7/32 [orc priest/divine providence (12)]
  2861 | D:4      | 2861 ||| READING scroll of teleportation.
  2861 | D:4      | Killed from afar by an orc priest

Levels and vault maps discovered:
D:1:      amcnicky_arrival_flooded_fountain, layout_basic, serial_shops,
          nicolae_book_shop_shelving, nicolae_wormholes
D:2:      layout_basic, serial_shops, nicolae_shop_crystal,
          minmay_misc_feat_room
D:3:      layout_basic, nicolae_gozag_zags_fifth_avenue, serial_shops,
          nicolae_shop_statue_plus
D:4:      layout_rooms, serial_rivers, chequers_serial_rivers_large_a,
          chequers_serial_rivers_room_a, chequers_serial_rivers_small_b,
          chequers_serial_rivers_small_b, chequers_serial_rivers_micro_b,
          chequers_serial_rivers_micro_c, nicolae_shop_sticking_my_neck_out

Skill      XL: |  1  2  3  4 |
---------------+-------------+-----
Axes           | 2 3 4 |  4.6
Fighting       | |  3.2
Armour         | |  3.2
Shields        | |  3.2

Action                     |  1- 3 |  4- 6 || total
---------------------------+-------+-------++-------
  Melee: War axe           |    75 |    77 ||   152
  Throw: Boomerang         |    60 |    42 ||   102
    Use: Scroll            |     2 |     5 ||     7
         Potion            |       |     2 ||     2
 Armour: Scale mail        |    34 |    31 ||    65
  Dodge: Dodged            |    28 |    29 ||    57
  Block: Buckler           |     9 |    14 ||    23

Table legend:
 A = Non-vault XP
 B = Vault XP
 C = Vault XP percentage of total XP
 D = Non-vault monster count
 E = Vault monster count
 F = Vault count percentage of total count
                 A         B        C        D         E       F
            +---------+---------+-------+---------+---------+-------
      Total |     161 |      10 |   5.8 |      70 |       2 |   2.8
            +---------+---------+-------+---------+---------+-------
        D:1 |      31 |       5 |  13.9 |      18 |       1 |   5.3
        D:2 |      60 |       5 |   7.7 |      26 |       1 |   3.7
        D:3 |      40 |       0 |   0.0 |      17 |       0 |   0.0
        D:4 |      30 |       0 |   0.0 |       9 |       0 |   0.0
            +---------+---------+-------+---------+---------+-------
